 Dungeon Crawl Stone Soup version 0.30-a0-879-ga8ba668304 (webtiles) character file.

Game seed: 15429110711833480425

515 xSliceyx the Covered (level 7, -3/41 HPs)
             Began as a Gargoyle Fighter on Mar 12, 2023.
             Was an Initiate of Okawaru.
             Shot with an arrow by a centaur (7 damage)
             ... on level 4 of the Dungeon.
             The game lasted 00:12:13 (3484 turns).

xSliceyx the Covered (Gargoyle Fighter)             Turns: 3484, Time: 00:12:16

Health: -3/41      AC: 15    Str: 21    XL:     7   Next: 20%
Magic:  7/7        EV: 10    Int:  9    God:    Okawaru [......]
Gold:   206        SH:  4    Dex:  9    Spells: 6/6 levels left

rFire   + . .      SeeInvis .    a - +0 trident
rCold   . . .      Faith    .    c - +0 buckler
rNeg    + . .      Spirit   .    t - +3 ring mail {rF+}
rPois   ∞          Reflect  .    (no helmet)
rElec   +          Rampage  .    (no cloak)
rCorr   .                        (no gloves)
Will    .....                    q - +0 pair of boots Stlth
                                 (no amulet)
HPRegen 0.26/turn                B - ring of flight
MPRegen 0.10/turn                (no ring)

@: flying
A: sickness immunity, AC +4, negative energy resistance 1, electricity
resistance, torment resistance 1, petrification resistance
a: Renounce Religion


You were on level 4 of the Dungeon.
You worshipped Okawaru.
Okawaru was noncommittal.
You visited 2 branches of the dungeon, and saw 5 of its levels.

You collected 206 gold pieces.

Inventory:

Hand Weapons
 a - a +0 trident (weapon)
 b - a +2 sling of freezing
Missiles
 f - 6 poisoned darts (quivered)
 z - 3 javelins
Armour
 c - a +0 buckler (worn)
 q - a +0 pair of boots (worn)
 t - a +3 ring mail of fire resistance (worn)
Jewellery
 y - a ring of ice
 B - a ring of flight (left hand)
Wands
 d - a wand of paralysis (11)
 p - a wand of roots (2)
 v - a wand of acid (11)
Scrolls
 g - a scroll of amnesia {unknown}
 k - a scroll of identify {unknown}
 m - a scroll of silence {unknown}
 n - 2 scrolls of teleportation {unknown}
 r - 2 scrolls of vulnerability {unknown}
 u - 2 scrolls of enchant armour {unknown}
 w - a scroll of fog {unknown}
 A - a scroll of immolation {unknown}
Potions
 e - 2 potions of resistance {unknown}
 h - a potion of magic {unknown}
 i - 2 potions of heal wounds {unknown}
 j - a potion of mutation {unknown}
 l - 2 potions of haste {unknown}
 o - a potion of brilliance {unknown}
 s - a potion of lignification {unknown}
 x - 2 potions of curing {unknown}


   Skills:
 - Level 3.2 Fighting
 - Level 1.7 Polearms
 - Level 7.1 Armour
 - Level 5.0 Shields
 + Level 2.4 Evocations


You had 6 spell levels left.
You didn't know any spells.
Your spell library contained the following spells:

 Spells                   Type           Power      Damage    Failure   Level
 Slow                     Hex            0%         N/A       63%         1
 Ensorcelled Hibernation  Hex/Ice        0%         N/A       77%         2
 Confusing Touch          Hex            0%         N/A       94%         3
 Spider Form              Tmut/Pois      0%         N/A       94%         3
 Vampiric Draining        Necr           0%         2d6       94%         3
 Anguish                  Hex/Necr       0%         N/A       100%        4
 Malign Gateway           Summ/Tloc      Unusable   N/A       N/A         7
 Summon Horrible Things   Summ           Unusable   N/A       N/A         8

Dungeon Overview and Level Annotations

Branches:
Dungeon (4/15)             Temple (1/1) D:4

Altars:
Nemelex Xobeh
Okawaru

Shops:
D:2 (


Innate Abilities, Weirdness & Mutations

You are immune to sickness and miasma.
Your stone body is resilient. (AC +4)
You are immune to poison.
You resist negative energy. (rN+)
You are resistant to electric shocks. (rElec)
You are resistant to unholy torment.
You are immune to petrification.


Message History

The centaur shoots an arrow.
The arrow hits you.
You shoot a sling bullet.
The sling bullet completely misses the centaur.
The centaur shoots an arrow.
The arrow hits you.
The centaur shoots an arrow.
The arrow barely misses you.
You shoot a sling bullet. The sling bullet hits the centaur.
The sling bullet freezes the centaur.
The centaur is severely wounded.
The centaur shoots an arrow.
The arrow hits you but does no damage.
The centaur shoots an arrow.
The arrow closely misses you.
You shoot a sling bullet. The sling bullet hits the centaur.
The sling bullet freezes the centaur.
The centaur is almost dead.
The centaur shoots an arrow.
The arrow hits you but does no damage.
The centaur shoots an arrow.
The arrow hits you.
You shoot a sling bullet.
The sling bullet barely misses the centaur.
You shoot a sling bullet. The sling bullet hits the centaur.
The sling bullet freezes the centaur.
The centaur is almost dead.
The centaur shoots an arrow.
The arrow hits you!
Your +2 sling of freezing stops glowing.
a - a +0 trident (weapon)
The centaur shoots an arrow.
The arrow hits you!
* * * LOW HITPOINT WARNING * * *
You are too injured to fight recklessly!
Reach: a) +0 trident
Press: ? - help, Dir - move target, f/p - centaur
Aim: a centaur, wielding a +0 shortbow (almost dead, about 35% to evade your +0 trident)
You reach to attack!
You hit the centaur but do no damage.
The centaur is almost dead.
The centaur shoots an arrow.
The arrow hits you.
* * * LOW HITPOINT WARNING * * *
Reach: a) +0 trident
Press: ? - help, Dir - move target, f/p - centaur
Aim: a centaur, wielding a +0 shortbow (almost dead, about 35% to evade your +0 trident)
You reach to attack!
You closely miss the centaur.
The centaur is almost dead.
The centaur shoots an arrow.
The arrow hits you!
You die...

.......#
#.#####.####.#
#####.##
#............#
#.#
#######.######
#.# #.# #.#
########.#
#......(......#
######.......##
#.#####.# #@#
#.!...c.....
#.##.####### ..
#.# #.. ..# ##
###


You could see a centaur.

Vanquished Creatures
  Grinder (D:3)
  2 scorpions (D:4)
  Ijyb (D:2)
  Terence (D:2)
  6 adders
  2 worms (D:2)
  3 dart slugs
  4 orcs
  3 ball pythons
  9 endoplasms
  4 giant cockroaches
  6 goblins
  4 hobgoblins
  6 jackals
  4 quokkas
  8 bats
  A frilled lizard (D:1)
  8 kobolds
  4 rats
77 creatures vanquished.

Notes
Turn   | Place    | Note
-------+----------+-------------------------------------------
     0 | D:1      | xSliceyx the Gargoyle Fighter began the quest for the Orb.
     0 | D:1      | Reached XP level 1. HP: 14/14 MP: 1/1
    87 | D:1      | Reached XP level 2. HP: 19/19 MP: 2/2
   642 | D:1      | Reached XP level 3. HP: 22/23 MP: 3/3
  1016 | D:2      | Found Keatec's Weapon Boutique.
  1214 | D:2      | Reached skill level 5 in Shields
  1726 | D:3      | Reached XP level 4. HP: 28/28 MP: 4/4
  1749 | D:3      | Reached skill level 4 in Armour
  1765 | D:3      | Noticed Ijyb
  1768 | D:3      | Noticed Terence
  1781 | D:2      | Paralysed by Ijyb for 3 turns
  1785 | D:2      | Paralysed by Ijyb for 2 turns
  1788 | D:2      | Killed Ijyb
  1958 | D:2      | Reached XP level 5. HP: 28/32 MP: 5/5
  2143 | D:3      | Noticed Grinder
  2216 | D:2      | Killed Terence
  2217 | D:2      | Reached skill level 5 in Armour
  2423 | D:3      | Paralysed by Grinder for 3 turns
  2435 | D:3      | Paralysed by Grinder for 4 turns
  2439 | D:3      | Killed Grinder
  2440 | D:3      | Reached skill level 7 in Armour
  2440 | D:3      | Reached XP level 6. HP: 22/37 MP: 6/6
  3125 | D:4      | Reached skill level 1 in Evocations
  3125 | D:4      | Reached XP level 7. HP: 41/41 MP: 7/7
  3296 | D:4      | Found a staircase to the Ecumenical Temple.
  3317 | Temple   | Entered the Ecumenical Temple
  3337 | Temple   | Became a worshipper of Warmaster Okawaru
  3484 | D:4      | Shot with an arrow by a centaur

Illustrated notes

Levels and vault maps discovered:
D:1:      arrival_zaba_pyramid, layout_basic, reono_crystal_passage
D:2:      layout_basic, serial_shops, nicolae_shop_bloodbath_and_beyond,
          minivault_27, minmay_misc_feat_roman
D:3:      layout_basic, solitary_fountain, uniq_terence, uniq_ijyb, uniq_grinder
D:4:      layout_loops_ring, temple_statues
Temple:   bh_familiar_temple

Skill      XL: |  1  2  3  4  5  6  7 |
---------------+----------------------+-----
Shields        | 4 5 |  5.0
Armour         | 4 7 |  7.1
Evocations     | 1 2 |  2.4
Fighting       | |  3.2
Polearms       | |  1.7

Action                     |  1- 3 |  4- 6 |  7- 9 || total
---------------------------+-------+-------+-------++-------
  Melee: Trident           |   144 |    78 |     2 ||   224
   Fire: Sling             |     6 |    64 |    52 ||   122
  Evoke: Wand              |       |     5 |       ||     5
    Use: Potion            |       |     1 |       ||     1
   Stab: Distracted        |     1 |       |       ||     1
 Armour: Scale mail        |    64 |    33 |       ||    97
         Ring mail         |       |    55 |    34 ||    89
  Dodge: Dodged            |    49 |    80 |    21 ||   150
  Block: Buckler           |    26 |    31 |     8 ||    65

Table legend: (Time is in decaauts)
 A = Elapsed time spent in this place.
 B = Non-inter-level travel time spent in this place.
 C = Inter-level travel time spent in this place.
 D = Time resting spent in this place.
 E = Time spent auto-exploring this place.
 F = Levels seen in this place.
 G = Mean time per level.
                   A        B        C        D        E       F      G
               +--------+--------+--------+--------+--------+-----+--------+
         Total |   3605 |   3368 |    237 |    428 |   2123 |   5 |  721.0 |
       Dungeon |   3576 |   3339 |    237 |    428 |   2114 |   4 |  894.0 |
        Temple |     29 |     29 |      0 |      0 |      9 |   1 |   29.0 |
               +--------+--------+--------+--------+--------+-----+--------+

Top non-repeatable levels by time:
     D:2: 1451 daAuts
     D:1: 945 daAuts
     D:3: 743 daAuts
     D:4: 435 daAuts
  Temple: 29 daAuts
